 Dungeon Crawl Stone Soup version 0.28.0 (webtiles) character file.

Game seed: 12057197546611232141

4971 Cykl0x the Geomancer (level 10, -2/60 HPs)
             Began as a Gargoyle Earth Elementalist on Feb 18, 2022.
             Was a Believer of the Shining One.
             Slain by an orc knight (5 damage)
             ... in a bailey.
             The game lasted 00:19:26 (10896 turns).

Cykl0x the Geomancer (Gargoyle Earth Elementalist) Turns: 10896, Time: 00:19:26

Health: -2/60      AC: 14    Str: 20    XL:     10   Next: 53%
Magic:  6/19       EV: 12    Int: 18    God:    the Shining One [**....]
Gold:   733        SH:  5    Dex: 10    Spells: 17/22 levels left

rFire   . . .      SeeInvis .   G - +4 scimitar
rCold   . . .      Faith    .   r - orb {light}
rNeg    + + .      Spirit   .   e - +2 leather armour {Will+}
rPois   ∞          Reflect  +   x - +0 helmet
rElec   +          Harm     .   (no cloak)
rCorr   .          Rampage  .   (no gloves)
Will    +....                   (no boots)
Stlth   +.........              A - amulet of reflection
HPRegen 0.20/turn               v - +6 ring of strength
MPRegen 0.16/turn               (no ring)

@: hasted, glowing, very quick
A: sickness immunity, AC +7, negative energy resistance 1, electricity
resistance, torment resistance 1, petrification resistance
a: Renounce Religion, Divine Shield


You were in a bailey.
You worshipped the Shining One.
The Shining One was pleased with you.
You visited 2 branches of the dungeon, and saw 9 of its levels.
You also visited: Sewer and Bailey.

You collected 733 gold pieces.

Inventory:

Hand Weapons
 a - a +0 dagger
 d - a +0 rapier
 h - a +1 short sword
 y - a +0 falchion
 G - a +4 scimitar (weapon)
Missiles
 c - 40 stones
 I - a throwing net
Armour
 b - a +0 robe
 e - a +2 leather armour of willpower (worn)
 f - a +0 troll leather armour {Pargi}
 o - a +1 leather armour
 r - an orb of light (worn)
 x - a +0 helmet (worn)
 F - a +0 ring mail
Jewellery
 n - a ring of fire
 v - a +6 ring of strength (left hand)
 w - a ring of see invisible
 A - an amulet of reflection (around neck)
Wands
 t - a wand of charming (7)
 z - a wand of iceblast (20)
 B - a wand of paralysis (6)
Scrolls
 l - a scroll of blinking
 q - 3 scrolls of enchant weapon
 D - a scroll of immolation
 E - a scroll of teleportation
Potions
 g - a potion of lignification
 i - 3 potions of magic
 k - 2 potions of attraction {unknown}
 m - 3 potions of haste
 p - a potion of degeneration
 s - 2 potions of brilliance {unknown}
 u - 3 potions of mutation {unknown}


   Skills:
 * Level 6.2 Fighting
 + Level 1.1(2.7) Short Blades
 + Level 4.0(4.1) Long Blades
 + Level 4.5 Armour
 + Level 2.8 Dodging
 - Level 2.1 Stealth
 + Level 1.7 Shields
 + Level 6.5 Spellcasting
 + Level 6.0 Conjurations
 - Level 0.7 Transmutations
 + Level 0.6 Fire Magic
 + Level 8.1 Earth Magic
 * Level 5.3 Invocations


You had 17 spell levels left.
You knew the following spells:

 Your Spells              Type           Power      Damage    Failure   Level
a - Sandblast             Erth           70%        2d15      1%          1
b - Stone Arrow           Conj/Erth      62%        3d10      2%          3
c - Foxfire               Conj/Fire      68%        2x1d7     3%          1

Your spell library contained the following spells:

 Spells                   Type           Power      Damage    Failure   Level
 Passwall                 Tmut/Erth      17%        N/A       3%          2
 Beastly Appendage        Tmut           16%        N/A       10%         1
 Conjure Flame            Conj/Fire      17%        6-21      10%         3
 Wereblood                Tmut           8%         N/A       14%         2
 Petrify                  Tmut/Erth      21%        N/A       22%         4
 Leda's Liquefaction      Hex/Erth       10%        N/A       24%         4
 Spider Form              Tmut/Pois      7%         N/A       32%         3
 Flame Wave               Conj/Fire      17%        2d6       32%         4
 Inner Flame              Hex/Fire       7%         N/A       34%         3
 Call Canine Familiar     Summ           5%         N/A       36%         3
 Ozocubu's Armour         Ice            5%         N/A       36%         3
 Portal Projectile        Hex/Tloc       10%        N/A       36%         3
 Metabolic Englaciation   Hex/Ice        2%         N/A       98%         5
 Simulacrum               Ice/Necr       2%         N/A       100%        6


Dungeon Overview and Level Annotations

Branches:
Dungeon (8/15)             Temple (1/1) D:4           Sewer (visited)
 Bailey (1/1)
   Lair: D:8-11

Altars:
Ashenzari
Cheibriados
Dithmenos
Gozag
Kikubaaqudgha
Makhleb
Nemelex Xobeh
Okawaru
Qazlal
Ru
Trog
Uskayaw
Wu Jian
Xom
Yredelemnul
The Shining One

Annotations:
D:6 3 runed translucent doors, Descartes's ghost, novice FoWr


Innate Abilities, Weirdness & Mutations

You are immune to sickness and miasma.
Your stone body is resilient. (AC +7)
You are immune to poison.
You resist negative energy. (rN+)
You are resistant to electric shocks. (rElec)
You are resistant to unholy torment.
You are immune to petrification.


Message History

There are no items here.
Aiming: Paralyse
Press: ? - help, Shift-Dir - straight line, f/p - orc knight
Aim: an orc knight, wielding a +0 halberd and wearing a +0 chain mail (haloed, chance to affect: 31%)
The orc knight easily resists.
The orc warrior hits you from afar with a +0 halberd.
* * * LOW HITPOINT WARNING * * *
The orc knight hits you from afar with a +0 halberd.
* * * LOW HITPOINT WARNING * * *
It was a potion of curing.
You feel better.
The orc knight hits you from afar with a +0 halberd.
* * * LOW HITPOINT WARNING * * *
Okay, then.
Casting: Stone Arrow (dangerous; 2% risk of failure)
Confirm with . or Enter, or press ? or * to list all spells.
Aiming: Stone Arrow (dangerous; 2% risk of failure)
Press: ? - help, Shift-Dir - straight line, f/p - orc knight
Aim: an orc knight, wielding a +0 halberd and wearing a +0 chain mail (haloed, 80% to hit)
The stone arrow hits the orc knight!!
The orc knight is moderately wounded.
The orc warrior splashes around in the water.
The orc knight hits you but does no damage.
Casting: Stone Arrow (dangerous; 2% risk of failure)
Confirm with . or Enter, or press ? or * to list all spells.
Aiming: Stone Arrow (dangerous; 2% risk of failure)
Press: ? - help, Shift-Dir - straight line, f/p - orc knight
Aim: an orc knight, wielding a +0 halberd and wearing a +0 chain mail (moderately wounded, haloed, 80% to hit)
The stone arrow misses the orc knight.
The orc warrior splashes around in the water.
The orc knight hits you from afar with a +0 halberd.
* * * LOW HITPOINT WARNING * * *
You feel better.
The orc warrior hits you from afar with a +0 halberd!
* * * LOW HITPOINT WARNING * * *
The orc knight hits you from afar with a +0 halberd!
The Shining One protects you from harm!
It was a potion of haste.
You feel yourself speed up.
The orc warrior splashes around in the water.
The orc knight hits you from afar with a +0 halberd.
You die...

## ≈§....≈≈ # ##..)≈.# .#
§⌠∩⌠.§. #'#..≈≈.∩# .#+#
..⌠..§§ #'#..≈≈.## ##.##
...§§§§ ##.##..≈≈.# #.$.
#...##..≈.# .$$ #.o..o##.≈.#
######## ##########.≈.#
......§## ##..o..)....≈.#
≈≈)≈≈≈v.## ##.@≈o≈)≈≈≈≈≈≈.#
)....≈≈.§## ##).≈≈..........#
####..≈≈..###).≈≈..##########
##..≈≈.....))..##
##..≈≈≈≈≈≈≈..## ##.........##
###########


You could see an orc knight and an orc warrior (strong).

Vanquished Creatures
  An orc knight (Bailey)
  Sigmund (D:5)
  Eustachio (D:4)
  A steam dragon (D:6)
  Duvessa (D:4)
  Pargi (Sewer)
  9 orc warriors
  A sky beast (D:6)
  A black bear (D:6)
  3 ogres (D:6)
  A centaur (D:6)
  A phantom (D:5)
  3 bullfrogs
  6 scorpions
  A water moccasin zombie (D:6)
  Dowan (D:4)
  6 wights
  A bullfrog zombie (D:6)
  4 centaur zombies
  3 centaur skeletons
  3 hounds
  An orc priest (D:5)
  A bullfrog skeleton (D:7)
  3 jellies
  An iguana (D:6)
  5 orc wizards
  2 killer bee zombies
  A hound skeleton (D:4)
  4 gnolls (D:6)
  7 adders
  3 shadow imps
  An ufetubus (D:6)
  2 adder skeletons
  3 worms
  A dart slug (D:1)
  38 orcs
  8 ball pythons
  A bat (D:2)
  8 endoplasms
  3 giant cockroaches
  5 goblins
  8 hobgoblins
  4 quokkas
  6 frilled lizards
  8 kobolds
  4 rats
178 creatures vanquished.

Vanquished Creatures (others)
  48 foxfires
48 creatures vanquished.

Grand Total: 226 creatures vanquished

Notes
Turn   | Place    | Note
-------+----------+-------------------------------------------
     0 | D:1      | Cykl0x the Gargoyle Earth Elementalist began the quest for
                  | the Orb.
     0 | D:1      | Reached XP level 1. HP: 10/10 MP: 3/3
   189 | D:1      | Reached XP level 2. HP: 16/16 MP: 0/5
   661 | D:1      | Reached XP level 3. HP: 20/20 MP: 3/6
   665 | D:1      | Learned a level 3 spell: Stone Arrow
   888 | D:2      | Reached skill level 1 in Conjurations
   995 | D:2      | Reached skill level 4 in Earth Magic
  1158 | D:2      | Found a shimmering altar of Xom.
  1249 | D:2      | Reached skill level 1 in Fighting
  1591 | D:2      | Found a faded altar of an unknown god.
  2482 | D:3      | Reached XP level 4. HP: 25/25 MP: 1/8
  2835 | D:4      | Noticed Eustachio
  2839 | D:4      | Killed Eustachio
  2840 | D:4      | Reached XP level 5. HP: 30/30 MP: 0/10
  2860 | D:4      | Found a glowing drain.
  2869 | Sewer    | Entered a sewer
  3081 | Sewer    | Noticed Pargi
  3086 | Sewer    | Killed Pargi
  3087 | Sewer    | Reached skill level 5 in Earth Magic
  3087 | Sewer    | Reached XP level 6. HP: 20/35 MP: 0/11
  3455 | D:4      | Found a snail-covered altar of Cheibriados.
  3566 | D:4      | Noticed Dowan
  3566 | D:4      | Noticed Duvessa
  3580 | D:4      | Killed Duvessa
  3581 | D:4      | Reached XP level 7. HP: 31/40 MP: 1/13
  3586 | D:4      | Killed Dowan
  3841 | D:4      | Found a staircase to the Ecumenical Temple.
  3961 | Temple   | Entered the Ecumenical Temple
  4128 | Temple   | Became a worshipper of the Shining One
  4527 | D:4      | Reached skill level 1 in Invocations
  5000 | D:5      | Entered Level 5 of the Dungeon
  5123 | D:5      | Reached skill level 1 in Armour
  5758 | D:5      | Reached XP level 8. HP: 46/46 MP: 8/15
  5765 | D:5      | Reached skill level 1 in Short Blades
  5955 | D:5      | Noticed Sigmund
  5959 | D:5      | Killed Sigmund
  5960 | D:5      | Reached skill level 1 in Long Blades
  5960 | D:5      | Reached skill level 5 in Spellcasting
  5960 | D:5      | Reached skill level 6 in Earth Magic
  6328 | D:6      | Reached * piety under the Shining One
  6605 | D:6      | Reached XP level 9. HP: 50/52 MP: 10/17
  6890 | D:6      | Reached skill level 5 in Conjurations
  6988 | D:6      | Found a runed translucent gate.
  6989 | D:6      | Found a runed translucent gate.
  6989 | D:6      | Found a runed translucent gate.
  6990 | D:6      | Noticed Descartes's ghost (novice FoWr)
  7469 | D:6      | Reached skill level 7 in Earth Magic
  7842 | D:6      | Reached skill level 5 in Fighting
  8631 | D:7      | Found a shadowy altar of Dithmenos.
  8673 | D:7      | Reached ** piety under the Shining One
  9013 | D:7      | Reached skill level 1 in Shields
  9013 | D:7      | Reached XP level 10. HP: 59/59 MP: 10/19
  9080 | D:7      | Learned a level 1 spell: Foxfire
  9916 | D:8      | Found a bloodstained altar of Trog.
  9919 | D:8      | Found an ancient bone altar of Kikubaaqudgha.
  9920 | D:8      | Found a basalt altar of Yredelemnul.
 10102 | D:8      | Found a flagged portal.
 10110 | Bailey   | Entered a bailey
 10531 | Bailey   | Noticed an orc knight
 10670 | Bailey   | Noticed an orc knight
 10683 | Bailey   | Reached skill level 8 in Earth Magic
 10683 | Bailey   | Reached skill level 5 in Invocations
 10853 | Bailey   | Killed an orc knight
 10895 | Bailey   | HP: 3/60 [orc warrior (15)]
 10895 | Bailey   | The Shining One protects you from harm!
 10896 | Bailey   | Slain by an orc knight

Illustrated notes

Levels and vault maps discovered:
D:1:      dpeg_arrival_prison, layout_basic, wad_floor_pattern_untrapped
D:2:      layout_loops_ring, chequers_ecumenical_altar_island, basic_altar
D:3:      layout_loops_ring
D:4:      layout_loops_ring, lemuel_doored_altar,
          minmay_temple_entry_large_hall, portal_sewer_entry_d, uniq_duvessa,
          uniq_eustachio
D:5:      wander_river, layout_basic, uniq_sigmund
D:6:      minmay_polygon_palace, layout_basic, ebering_ghost_rock_garden
D:7:      layout_basic, nicolae_dithmenos_the_darkroom
D:8:      layout_basic, minitemple, dpeg_oklobed_lair, enter_bailey_7
Temple:   nicolae_temple_figure_eight
Bailey:   bailey_polearm_1, bailey

Skill      XL: |  1  2  3  4  5  6  7  8  9 10 |
---------------+-------------------------------+-----
Conjurations   | 1 2 3 4 5 6 |  6.0
Earth Magic    | 4 5 6 7 8 |  8.1
Fighting       | 1 2 3 4 5 6 |  6.2
Spellcasting   | 3 4 5 6 |  6.5
Invocations    | 1 3 4 5 |  5.3
Armour         | 1 2 4 |  4.5
Short Blades   | 1 |  1.1
Dodging        | 2 |  2.8
Long Blades    | 1 3 4 |  4.0
Shields        | 1 |  1.7
Stealth        | |  2.1
Transmutations | |  0.7
Fire Magic     | |  0.6

Action                   |  1- 3 |  4- 6 |  7- 9 | 10-12 || total
-------------------------+-------+-------+-------+-------++-------
Melee: Dagger            |     5 |       |       |       ||     5
       Short sword       |     3 |       |       |       ||     3
       Rapier            |       |     8 |    12 |       ||    20
       Falchion          |       |       |    77 |       ||    77
       Scimitar          |       |       |    12 |    15 ||    27
 Cast: Sandblast         |    30 |    12 |     9 |     1 ||    52
       Stone Arrow       |    19 |    19 |   121 |    43 ||   202
       Foxfire           |       |       |       |    29 ||    29
Evoke: Wand              |       |       |       |     5 ||     5
  Use: Scroll            |       |     7 |     2 |     4 ||    13
       Potion            |       |       |       |     4 ||     4
Armor: Robe              |     4 |       |       |       ||     4
       Leather armour    |       |     5 |    59 |    15 ||    79
Dodge: Dodged            |     8 |     7 |    75 |    29 ||   119
Block: Orb               |       |       |    30 |     9 ||    39
       Reflection        |       |       |     2 |       ||     2
